PL
ATLANTA SMOKE @ ATHLETIC CLUB KC
09/23/2024
 
TOP OF THE 1ST
Atlanta Smoke batting - Pitching for Athletic Club KC : LHP Vincent Hall
Pitching: LHP Vincent Hall
Batting: RHB Bartolo Morales 0-0: Called Strike
0-1: Fly out, F5 (Popup, 5F)
Batting: LHB Bernardo Elías 0-0: Foul Ball, location: 2F
0-1: Foul Ball, location: 2F
0-2: Ball
1-2: SINGLE (Line Drive, 6MD)
Batting: LHB Albert Morán 0-0: Ball
1-0: DOUBLE (Line Drive, 7D)
Bernardo Elías to third
Batting: RHB Jonathan Cook 0-0: Called Strike
0-1: Swinging Strike
0-2: Fly out, F8 (Flyball, 89S)
Batting: RHB Cale Sutton 0-0: Ball
1-0: Ball
2-0: Called Strike
2-1: Called Strike
2-2: Strikes out swinging
Top of the 1st over - 0 run(s), 2 hit(s), 0 error(s), 2 left on base; Atlanta 0 - Athletic Club KC 0
BOTTOM OF THE 1ST
Athletic Club KC batting - Pitching for Atlanta Smoke : RHP Adrián Fierro
Pitching: RHP Adrián Fierro
Batting: RHB Jorge Trevino 0-0: Called Strike
0-1: Foul Ball, location: 2F
0-2: Strikes out swinging
Batting: LHB Thatcher Douglas 0-0: SINGLE (Groundball, 34D)
Batting: RHB David Edwards 0-0: Ball
Thatcher Douglas is caught stealing 2nd base
1-0: Called Strike
1-1: Swinging Strike
1-2: Fly out, F9 (Flyball, 89D)
Bottom of the 1st over - 0 run(s), 1 hit(s), 0 error(s), 0 left on base; Atlanta 0 - Athletic Club KC 0
TOP OF THE 2ND
Atlanta Smoke batting - Pitching for Athletic Club KC : LHP Vincent Hall
Batting: LHB Carl Gore 0-0: Ball
1-0: Ground out 6-3 (Groundball, 6M)
Batting: LHB Armando Esparza 0-0: Ball
1-0: Swinging Strike
1-1: Foul Ball, location: 2F
1-2: Foul Ball, location: 2F
1-2: Strikes out swinging
Batting: SHB Juan Ortega 0-0: Ball
1-0: Fly out, F5 (Popup, 5SF)
Top of the 2nd over - 0 run(s), 0 hit(s), 0 error(s), 0 left on base; Atlanta 0 - Athletic Club KC 0
BOTTOM OF THE 2ND
Athletic Club KC batting - Pitching for Atlanta Smoke : RHP Adrián Fierro
Batting: RHB John Downing 0-0: Ball
1-0: Ground out 5-3 (Groundball, 56S)
Batting: RHB Ramón Souza 0-0: Called Strike
0-1: Ball
1-1: Ball
2-1: Foul Ball, location: 2F
2-2: Strikes out looking
Batting: LHB Kelly Brown 0-0: Called Strike
0-1: Ball
1-1: Ball
2-1: Foul Ball, location: 2F
2-2: SINGLE (Groundball, 34)
Batting: SHB Pedro Vázquez 0-0: Called Strike
0-1: Called Strike
0-2: Fly out, F8 (Flyball, 8RXD)
Bottom of the 2nd over - 0 run(s), 1 hit(s), 0 error(s), 1 left on base; Atlanta 0 - Athletic Club KC 0
TOP OF THE 3RD
Atlanta Smoke batting - Pitching for Athletic Club KC : LHP Vincent Hall
Batting: RHB Anthony Johnston 0-0: Ball
1-0: Called Strike
1-1: Swinging Strike
1-2: Ball
2-2: SINGLE (Groundball, 34)
Batting: RHB Bartolo Morales 0-0: Fly out, F8 (Flyball, 8LM)
Batting: LHB Bernardo Elías 0-0: Called Strike
0-1: Ball
1-1: Ball
2-1: Swinging Strike
2-2: Foul Ball, location: 2F
2-2: Fly out, F7 (Flyball, 7D)
Batting: LHB Albert Morán 0-0: Ball
1-0: Called Strike
1-1: Ball
2-1: Swinging Strike
2-2: Ball
3-2: Base on Balls
Anthony Johnston to second
Batting: RHB Jonathan Cook 0-0: Ball
1-0: Foul Ball, location: 2F
1-1: Foul Ball, location: 2F
1-2: SINGLE (Groundball, 56)
Anthony Johnston to third
Albert Morán to second
Runner from 3rd tries for Home, SAFE, throw made home
Batting: RHB Cale Sutton 0-0: Fly out, F6 (Line Drive, 6)
Top of the 3rd over - 1 run(s), 2 hit(s), 0 error(s), 2 left on base; Atlanta 1 - Athletic Club KC 0
BOTTOM OF THE 3RD
Athletic Club KC batting - Pitching for Atlanta Smoke : RHP Adrián Fierro
Batting: RHB Rick Atkinson 0-0: Ground out 5-3 (Groundball, 5)
Batting: RHB Michael Walker 0-0: Ball
1-0: Ball
2-0: Foul Ball, location: 2F
2-1: Called Strike
2-2: Fly out, F8 (Flyball, 8LXD)
Batting: RHB Jorge Trevino 0-0: Ball
1-0: Called Strike
1-1: Fly out, F8 (Line Drive, 89D)
Bottom of the 3rd over - 0 run(s), 0 hit(s), 0 error(s), 0 left on base; Atlanta 1 - Athletic Club KC 0
TOP OF THE 4TH
Atlanta Smoke batting - Pitching for Athletic Club KC : LHP Vincent Hall
Batting: LHB Carl Gore 0-0: Swinging Strike
0-1: Ball
1-1: Swinging Strike
1-2: Foul Ball, location: 2F
1-2: Strikes out swinging
Batting: LHB Armando Esparza 0-0: Ball
1-0: Foul Ball, location: 2F
1-1: Called Strike
1-2: Foul Ball, location: 2F
1-2: Foul Ball, location: 2F
1-2: Ball
2-2: Foul Ball, location: 2F
2-2: Strikes out swinging
Batting: SHB Juan Ortega 0-0: Called Strike
0-1: Ball
1-1: Ball
2-1: Ball
3-1: Base on Balls
Batting: RHB Anthony Johnston 0-0: Ball
1-0: Fly out, F9 (Flyball, 9LS)
Top of the 4th over - 0 run(s), 0 hit(s), 0 error(s), 1 left on base; Atlanta 1 - Athletic Club KC 0
BOTTOM OF THE 4TH
Athletic Club KC batting - Pitching for Atlanta Smoke : RHP Adrián Fierro
Batting: LHB Thatcher Douglas 0-0: Ball
1-0: Foul Ball, location: 2F
1-1: Foul Ball, location: 2F
1-2: Foul Ball, location: 2F
1-2: Fly out, F4 (Popup, 4M)
Batting: RHB David Edwards 0-0: Ball
1-0: Called Strike
1-1: Swinging Strike
1-2: Ground out 5-3 (Groundball, 56S)
Batting: RHB John Downing 0-0: Foul Ball, location: 2F
0-1: Ball
1-1: Ball
2-1: Ball
3-1: SOLO HOME RUN (Flyball, 7D), Distance : 393 ft
Batting: RHB Ramón Souza 0-0: Fly out, F7 (Flyball, 7LD)
Bottom of the 4th over - 1 run(s), 1 hit(s), 0 error(s), 0 left on base; Atlanta 1 - Athletic Club KC 1
TOP OF THE 5TH
Atlanta Smoke batting - Pitching for Athletic Club KC : LHP Vincent Hall
Batting: RHB Bartolo Morales 0-0: Ball
1-0: Foul Ball, location: 2F
1-1: SINGLE (Line Drive, 78S)
Batting: LHB Bernardo Elías 0-0: Ball
1-0: Sac Bunt - play at first, batter OUT! 1-4
Bartolo Morales to second
Batting: LHB Albert Morán 0-0: Called Strike
Throwing error on steal attempt, E2
Bartolo Morales scores
0-1: Ground out 4-3 (Groundball, 34)
Batting: RHB Jonathan Cook 0-0: Foul Ball, location: 2F
0-1: Ball
1-1: Called Strike
1-2: Ball
2-2: Ground out 5-3 (Groundball, 5S)
Top of the 5th over - 1 run(s), 1 hit(s), 1 error(s), 0 left on base; Atlanta 2 - Athletic Club KC 1
BOTTOM OF THE 5TH
Athletic Club KC batting - Pitching for Atlanta Smoke : RHP Adrián Fierro
Batting: LHB Kelly Brown 0-0: Ball
1-0: Ball
2-0: Ball
3-0: Called Strike
3-1: Base on Balls
Batting: SHB Pedro Vázquez 0-0: Sac Bunt - play at first, batter OUT! 1-3
Kelly Brown to second
Batting: RHB Rick Atkinson 0-0: Ball
1-0: Ball
2-0: Swinging Strike
2-1: Swinging Strike
2-2: Ground out 6-3 (Groundball, 6)
Batting: RHB Michael Walker 0-0: Ball
1-0: Ball
2-0: Called Strike
2-1: Swinging Strike
2-2: Foul Ball, location: 2F
2-2: Ball
3-2: Foul Ball, location: 2F
3-2: Ground out 1-3 (Groundball, 13)
Bottom of the 5th over - 0 run(s), 0 hit(s), 0 error(s), 1 left on base; Atlanta 2 - Athletic Club KC 1
TOP OF THE 6TH
Atlanta Smoke batting - Pitching for Athletic Club KC : LHP Vincent Hall
Batting: RHB Cale Sutton 0-0: SINGLE (Groundball, 3D)
Batting: LHB Carl Gore 0-0: Ball
1-0: Bunt missed!
1-1: Bunt missed!
1-2: Ball
2-2: Ball
Cale Sutton steals 2nd base
3-2: Strikes out swinging
Batting: LHB Armando Esparza 0-0: Ball
1-0: Called Strike
1-1: Ball
2-1: Ball
Passed Ball!
Cale Sutton to third
3-1: Foul Ball, location: 2F
3-2: Foul Ball, location: 2F
3-2: Fly out, F8 (Flyball, 8LS)
Batting: SHB Juan Ortega 0-0: Ball
1-0: Ball
2-0: Fly out, F9 (Flyball, 89M)
Top of the 6th over - 0 run(s), 1 hit(s), 0 error(s), 1 left on base; Atlanta 2 - Athletic Club KC 1
BOTTOM OF THE 6TH
Athletic Club KC batting - Pitching for Atlanta Smoke : RHP Adrián Fierro
Batting: RHB Jorge Trevino 0-0: Ball
1-0: Called Strike
1-1: Ground out 5-3 (Groundball, 5)
Batting: LHB Thatcher Douglas 0-0: Fly out, F4 (Popup, 9LS)
Batting: RHB David Edwards 0-0: Called Strike
0-1: Foul Ball, location: 2F
0-2: DOUBLE (Groundball, 5L)
Batting: RHB John Downing 0-0: Called Strike
0-1: Swinging Strike
0-2: Foul Ball, location: 2F
0-2: Foul Ball, location: 2F
0-2: Ball
1-2: Foul Ball, location: 2F
1-2: Ground out 6-3 (Groundball, 6)
Bottom of the 6th over - 0 run(s), 1 hit(s), 0 error(s), 1 left on base; Atlanta 2 - Athletic Club KC 1
TOP OF THE 7TH
Atlanta Smoke batting - Pitching for Athletic Club KC : LHP Vincent Hall
Batting: RHB Anthony Johnston 0-0: Fly out, F8 (Line Drive, 8RM)
Batting: RHB Bartolo Morales 0-0: Ground out 1-3 (Groundball, 13)
Batting: LHB Bernardo Elías 0-0: Called Strike
0-1: Ball
1-1: Called Strike
1-2: Foul Ball, location: 2F
1-2: Ball
2-2: Foul Ball, location: 2F
2-2: Ground out 4-3 (Groundball, 34)
Top of the 7th over - 0 run(s), 0 hit(s), 0 error(s), 0 left on base; Atlanta 2 - Athletic Club KC 1
BOTTOM OF THE 7TH
Athletic Club KC batting - Pitching for Atlanta Smoke : RHP Adrián Fierro
Batting: RHB Ramón Souza 0-0: Called Strike
0-1: Swinging Strike
0-2: Strikes out swinging
Batting: LHB Kelly Brown 0-0: Ground out U3 (Groundball, 3)
Batting: SHB Pedro Vázquez 0-0: Called Strike
0-1: SINGLE (Groundball, 6MD) (infield hit)
Batting: RHB Rick Atkinson 0-0: Ball
1-0: Called Strike
1-1: Swinging Strike
1-2: Strikes out swinging
Bottom of the 7th over - 0 run(s), 1 hit(s), 0 error(s), 1 left on base; Atlanta 2 - Athletic Club KC 1
TOP OF THE 8TH
Atlanta Smoke batting - Pitching for Athletic Club KC : LHP Vincent Hall
Batting: LHB Albert Morán 0-0: Called Strike
0-1: Called Strike
0-2: Ball
1-2: Ball
2-2: Fly out, F2 (Popup, 2RF)
Batting: RHB Jonathan Cook 0-0: Called Strike
0-1: Foul Ball, location: 2F
0-2: Ground out 6-3 (Groundball, 6)
Batting: RHB Cale Sutton 0-0: Called Strike
0-1: Ball
1-1: Swinging Strike
1-2: Ball
2-2: Ball
3-2: Base on Balls
Pitching: RHP Ole Kos
Batting: LHB Carl Gore 0-0: Called Strike
0-1: Called Strike
0-2: Strikes out looking
Top of the 8th over - 0 run(s), 0 hit(s), 0 error(s), 1 left on base; Atlanta 2 - Athletic Club KC 1
BOTTOM OF THE 8TH
Athletic Club KC batting - Pitching for Atlanta Smoke : RHP Adrián Fierro
Batting: RHB Michael Walker 0-0: Foul Ball, location: 2F
0-1: Ball
1-1: SINGLE (Groundball, 56D)
Batting: RHB Jorge Trevino 0-0: Called Strike
0-1: Bunted foul
0-2: SINGLE (Groundball, 5L)
Michael Walker to second
Batting: LHB Thatcher Douglas 0-0: Fly out, F8 (Flyball, 89D)
Runner from 2nd tags up, SAFE at 3rd, no throw
Batting: RHB David Edwards 0-0: Ball
1-0: Fly out, F5 (Popup, 5SF)
Batting: RHB John Downing 0-0: Called Strike
0-1: Ball
1-1: Called Strike
1-2: Foul Ball, location: 2F
1-2: Ball
2-2: Foul Ball, location: 2F
2-2: Ground out 5-3 (Groundball, 56S)
Bottom of the 8th over - 0 run(s), 2 hit(s), 0 error(s), 2 left on base; Atlanta 2 - Athletic Club KC 1
TOP OF THE 9TH
Atlanta Smoke batting - Pitching for Athletic Club KC : RHP Ole Kos
Batting: LHB Armando Esparza 0-0: Called Strike
0-1: Called Strike
0-2: Ball
1-2: SINGLE (Groundball, 34D)
Batting: SHB Juan Ortega 0-0: Sac Bunt - play at second, runner OUT! 3-6
Pinch Hitting: LHB Juan Rodríguez 0-0: Called Strike
0-1: Called Strike
0-2: Ball
Juan Ortega steals 2nd base
1-2: Strikes out swinging
Batting: RHB Bartolo Morales 0-0: Called Strike
0-1: Fly out, F9 (Flyball, 9LM)
Top of the 9th over - 0 run(s), 1 hit(s), 0 error(s), 1 left on base; Atlanta 2 - Athletic Club KC 1
BOTTOM OF THE 9TH
Athletic Club KC batting - Pitching for Atlanta Smoke : RHP Adrián Fierro
Now at SS: Jack Weber
Batting: RHB Ramón Souza 0-0: Ball
1-0: Foul Ball, location: 2F
1-1: Ground out 6-3 (Groundball, 6)
Batting: LHB Kelly Brown 0-0: Foul Ball, location: 2F
0-1: Swinging Strike
0-2: Fly out, F8 (Flyball, 8LD)
Batting: SHB Pedro Vázquez 0-0: Ball
1-0: Foul Ball, location: 2F
1-1: Ground out 1-3 (Groundball, 15)
Bottom of the 9th over - 0 run(s), 0 hit(s), 0 error(s), 0 left on base; Atlanta 2 - Athletic Club KC 1
This league is powered by Out of the Park Baseball, the baseball management simulation game for PC, Mac and Linux
Monday, October 3rd, 2016 - OOTP Baseball 16.9 Build 39